 Dungeon Crawl Stone Soup version 0.19-a0-1831-gd4c818f (webtiles) character file.

56 Geomchi the Conjurer (level 3, -2/19 HPs)
             Began as a Deep Elf Conjurer on Oct 8, 2016.
             Slain by a sky beast (5 damage)
             ... on level 3 of the Dungeon.
             The game lasted 00:01:52 (1447 turns).

Geomchi the Conjurer (Deep Elf Conjurer)            Turns: 1447, Time: 00:01:53

Health: -2/19      AC:  2    Str:  5    XL:     3   Next: 69%
Magic:  6/10       EV: 13    Int: 20    God:
Gold:   54         SH:  0    Dex: 15    Spells: 2 memorised, 7 levels left

rFire  . . .     SeeInvis .     f - +0 short sword
rCold  . . .     Gourm    .     a - +0 robe
rNeg   . . .     Faith    .     (no shield)
rPois  .         Spirit   .     (no helmet)
rElec  .         Dismiss  .     (no cloak)
rCorr  .         Reflect  .     (no gloves)
MR     .....     Harm     .     (no boots)
Stlth  ++........               (no amulet)
                                (no ring)
                                (no ring)

@: no status effects
A: no striking features
a: no special abilities


You were on level 3 of the Dungeon.
You were hungry.

You visited 1 branch of the dungeon, and saw 3 of its levels.

You collected 54 gold pieces.

Inventory:

Hand Weapons
 f - a +0 short sword (weapon)
Armour
 a - a +0 robe (worn)
Jewellery
 d - an uncursed ring of fire {unknown}
 k - an uncursed ring of protection from fire {unknown}
Wands
 p - a wand of flame (27/48)
Scrolls
 h - a scroll of recharging {unknown}
 i - 3 scrolls of identify {unknown}
 j - a scroll of teleportation {unknown}
 n - a scroll of remove curse {unknown}
Potions
 e - a potion of might {unknown}
 g - a potion of curing {unknown}
Books
 b - a book of Conjurations

   Spells                             Type                      Level
   a - Magic Dart                     Conjuration                  1
   b - Searing Ray                    Conjuration                  2
   c - Dazzling Spray                 Conjuration/Hexes            3
   d - Fulminant Prism                Conjuration/Hexes            4
   e - Iskenderun's Mystic Blast      Conjuration                  4
   f - Iskenderun's Battlesphere      Conjuration/Charms           5
Comestibles
 c - 3 bread rations {@e1}
 l - a beef jerky
 m - a meat ration {@e2}


   Skills:
 - Level 2.4 Dodging
 - Level 2.4 Stealth
 + Level 4.0 Spellcasting
 * Level 5.4 Conjurations


You had 7 spell levels left.
You knew the following spells:

 Your Spells              Type           Power        Failure   Level  Hunger
a - Magic Dart            Conj           ####         1%          1    None
b - Searing Ray           Conj           ####..       1%          2    #......


Dungeon Overview and Level Annotations

Branches:
Dungeon (3/15)

Altars:
Ashenzari


Message History

Unknown command.
Unknown command.
A sky beast appears from thin air!
Reactivating autopickup.
The sky beast flickers out of sight!
Deactivating autopickup; reactivate with Ctrl-A.
A sky beast appears from thin air!
Reactivating autopickup.
There is a stone staircase leading up here.
Aim: a sky beast The searing ray hits the sky beast.
You are feeling hungry.
The sky beast flickers out of sight!
Deactivating autopickup; reactivate with Ctrl-A.
Something hits you. Something shocks you.
You take 11 damage, and have 8/19 hp.
MASSIVE DAMAGE!!
You now have 6/10 mp.
Something hits you.
* * * LOW HITPOINT WARNING * * *
Something shocks you.
You die...

.###.......##....
#.#...### ##.
#.#...###
####.......#
......#.##.#
##...#.##.#
###.....##.#
........##{#
.##.#....@.# #
########


There were no monsters in sight!

Vanquished Creatures
  An orc priest (D:3)
  A worm (D:2)
  2 dart slugs (D:2)
  3 goblins
  2 hobgoblins
  A ball python (D:2)
  2 bats (D:2)
  2 frilled lizards
  6 kobolds
  3 rats
23 creatures vanquished.

Notes
Turn   | Place    | Note
-------+----------+-------------------------------------------
     0 | D:1      | Geomchi the Deep Elf Conjurer began the quest for the Orb.
     0 | D:1      | Reached XP level 1. HP: 10/10 MP: 6/6
   529 | D:2      | Found a shattered altar of Ashenzari.
   574 | D:2      | Reached XP level 2. HP: 15/15 MP: 3/8
  1008 | D:1      | Learned a level 2 spell: Searing Ray
  1213 | D:2      | Reached skill level 5 in Conjurations
  1408 | D:3      | Reached XP level 3. HP: 19/19 MP: 5/10
  1431 | D:3      | Noticed a sky beast
  1447 | D:3      | Slain by a sky beast

Vault maps used:
D:1:      saegor_arrival_simple_b
D:2:      first_bread, evilmike_ruin_ashenzari

Skill      XL: |  1  2 |
---------------+-------+-----
Conjurations   | 5 |  5.4
Spellcasting   | 4 |  4.0
Dodging        | |  2.4
Stealth        | |  2.4

Action                   || total
-------------------------++-------
Melee: Short sword       ||     3
 Cast: Magic Dart        ||    57
       Searing Ray       ||     2
  Eat: Chunk             ||     1
Armor: Robe              ||     1
Dodge: Dodged            ||     1
